 Dungeon Crawl Stone Soup version 0.28-a0-793-g31680bbd8b (webtiles) character file.

Game seed: 2453026689391043250

122 ytrimaz the Grave Robber (level 4, -2/30 HPs)
             Began as a Demonspawn Necromancer on Nov 3, 2021.
             Slain by a goblin (4 damage)
             ... led by Robin
             ... on level 3 of the Dungeon.
             The game lasted 00:05:38 (3711 turns).

ytrimaz the Grave Robber (Demonspawn Necromancer)   Turns: 3711, Time: 00:05:40

Health: -2/30      AC:  4    Str:  9    XL:     4   Next: 78%
Magic:  6/9        EV: 12    Int: 17    God:
Gold:   82         SH:  0    Dex: 13    Spells: 3/10 levels left

rFire   + + +      SeeInvis .   e - +0 dagger (venom)
rCold   . . .      Faith    .   (no shield)
rNeg    . . .      Spirit   .   a - +1 robe
rPois   .          Reflect  .   (no helmet)
rElec   .          Harm     .   n - +0 cloak of the Fiend {rF+++ Regen+ Stlth-}
rCorr   .          Rampage  .   (no gloves)
Will    .....                   (no boots)
Stlth   +.........              (no amulet)
HPRegen 1.10/turn               (no ring)
MPRegen 0.11/turn               (no ring)

@: lethally poisoned (-2 -> -3), hasted, very quick
A: ignite blood 1
a: no special abilities


You were on level 3 of the Dungeon.
You visited 1 branch of the dungeon, and saw 3 of its levels.

You collected 82 gold pieces.

Inventory:

Hand Weapons
 e - a +0 dagger of venom (weapon)
Missiles
 k - 2 throwing nets
Armour
 a - a +1 robe (worn)
 n - the +0 cloak of the Fiend (worn) {rF+++ Regen+ Stlth-}
   (You acquired it on level 3 of the Dungeon)

   rF:        It renders you almost immune to fire.
   Regen:     It increases your rate of health regeneration.
   Stlth:     It makes you less stealthy.
Scrolls
 c - a scroll of acquirement
 h - 2 scrolls of immolation {unknown}
 i - a scroll of vulnerability {unknown}
 l - a scroll of silence {unknown}
 m - 2 scrolls of noise {unknown}
 o - a scroll of identify {unknown}
Potions
 b - a potion of haste
 f - a potion of flight {unknown}
 g - a potion of degeneration {unknown}
 j - a potion of invisibility {unknown}


   Skills:
 * Level 2.3 Dodging
 - Level 1.7 Stealth
 * Level 3.6 Spellcasting
 + Level 5.2 Necromancy


You had 3 spell levels left.
You knew the following spells:

 Your Spells              Type           Power      Damage    Failure   Level
a - Pain                  Necr           84%        1d8       1%          1
b - Tukima's Dance        Hex            3%         N/A       43%         3
c - Vampiric Draining     Necr           21%        2d7       5%          3

Your spell library contained the following spells:

 Spells                   Type           Power      Damage    Failure   Level
 Animate Skeleton         Necr           42%        N/A       1%          1
 Corpse Rot               Necr/Air       24%        N/A       9%          2
 Animate Dead             Necr           10%        N/A       19%         4
 Dispel Undead            Necr           21%        3d11      19%         4
 Agony                    Necr           21%        N/A       45%         5
 Passage of Golubria      Tloc           3%         N/A       85%         4
 Death Channel            Necr           10%        N/A       96%         6
 Yara's Violent Unravell  Hex/Tmut       1%         3d3       99%         5


Dungeon Overview and Level Annotations

Branches:
Dungeon (3/15)

Altars:

Annotations:
D:3 Robin


Innate Abilities, Weirdness & Mutations

Your demonic aura sometimes causes spilled blood to erupt in flames.


Message History

The goblin shouts!
Robin roars a battlecry!
The goblins go into a battle-frenzy!
Unknown command.
Robin throws the goblin at you!
Things that are here:
a +0 club; a goblin corpse The goblin shouts!
You hit the goblin.
The goblin is poisoned.
The goblin is moderately wounded.
The adder bites you. The goblin closely misses you.
Robin throws the goblin at you! The adder bites you but does no damage.
The goblin writhes in agony.
You kill the goblin!
The goblin hits you with a +0 dagger. The adder bites you.
You are poisoned.
The adder poisons you! Robin throws the goblin at you!
Unknown command.
You hit the goblin.
The goblin is poisoned.
The goblin is severely wounded.
You feel sick. The goblin hits you but does no damage. The adder bites you.
The goblin hits you with a +0 dagger.
Unknown command.
It was a potion of haste.
You feel yourself speed up.
You feel sick. The adder bites you. The goblin hits you with a +0 dagger.
The goblin hits you but does no damage.
As you read the scroll labelled SIUMME PYCOCEOB, it crumbles to dust.
It is a scroll of enchant armour.
Your +0 robe glows green for a moment.
You feel sick. The adder bites you.
You are more poisoned.
The adder poisons you! The goblin hits you with a +0 dagger.
* * * LOW HITPOINT WARNING * * *
The goblin closely misses you.
Okay, then.
You hit the goblin.
You kill the goblin!
You feel sick. The adder bites you.
* * * LOW HITPOINT WARNING * * *
The goblin hits you with a +0 dagger.
You die...

#.....# #.....# .....###
.......# ......#
..#####....# ## .......<...#
#. .o...8....☼#### #.
........ggS@g.##### #.
.........gg##.....#### ####.
..>.......g######....###....
...)w..##### ####.....###
....... ##....### .....8.
###..#.## ###...##.#
#####...#######
##...###.###...##


You could see a worm, Robin, an adder, a hobgoblin (strong) and 4 goblins.

Vanquished Creatures
  An orc wizard (D:3)
  3 adders
  A worm (D:3)
  2 orcs (D:3)
  5 bats
  9 endoplasms
  3 giant cockroaches
  10 goblins
  5 hobgoblins
  3 jackals (D:2)
  5 kobolds
  2 quokkas
  5 ball pythons
  4 frilled lizards
  3 rats
61 creatures vanquished.

Notes
Turn   | Place    | Note
-------+----------+-------------------------------------------
     0 | D:1      | ytrimaz the Demonspawn Necromancer began the quest for the
                  | Orb.
     0 | D:1      | Reached XP level 1. HP: 13/13 MP: 3/3
   503 | D:1      | Gained mutation: Your demonic aura sometimes causes spilled
                  | blood to erupt in flames. [demonic ancestry]
   503 | D:1      | Reached XP level 2. HP: 14/19 MP: 1/5
  1878 | D:2      | Reached XP level 3. HP: 23/24 MP: 4/6
  1976 | D:2      | Learned a level 3 spell: Tukima's Dance
  2446 | D:2      | Learned a level 3 spell: Vampiric Draining
  2539 | D:2      | Reached skill level 5 in Necromancy
  2841 | D:3      | Noticed Robin
  3031 | D:3      | Reached XP level 4. HP: 25/30 MP: 2/8
  3467 | D:3      | Identified 2 scrolls of acquirement
  3467 | D:3      | Acquired the +0 cloak of the Fiend {rF+++ Regen+ Stlth-}
  3711 | D:3      | Slain by a goblin

Illustrated notes

Levels and vault maps discovered:
D:1:      nzn_arrival_crosshair, layout_basic
D:2:      layout_loops_cross
D:3:      minmay_octagon_keep, layout_rooms, serial_curves, eino_curves_02,
          eino_curves_04, st_stairs_1, minmay_liquid_box, grunt_decor_clamped,
          minmay_misc_feat_square, minivault_24, uniq_sigmund, uniq_natasha,
          uniq_ijyb, uniq_robin

Skill      XL: |  1  2  3 |
---------------+----------+-----
Dodging        | 2 |  2.3
Spellcasting   | 3 |  3.6
Necromancy     | 5 |  5.2
Stealth        | |  1.7

Action                   |  1- 3 |  4- 6 || total
-------------------------+-------+-------++-------
Melee: Dagger            |     8 |    31 ||    39
 Cast: Pain              |    77 |    21 ||    98
       Vampiric Draining |     1 |     1 ||     2
  Use: Scroll            |       |     2 ||     2
       Potion            |       |     1 ||     1
Armor: Robe              |     4 |    17 ||    21
Dodge: Dodged            |    14 |    28 ||    42

Table legend: (Time is in decaauts)
 A = Elapsed time spent in this place.
 B = Non-inter-level travel time spent in this place.
 C = Inter-level travel time spent in this place.
 D = Time resting spent in this place.
 E = Time spent auto-exploring this place.
 F = Levels seen in this place.
 G = Mean time per level.
                   A        B        C        D        E       F      G
               +--------+--------+--------+--------+--------+-----+--------+
         Total |   3710 |   3651 |     59 |    774 |   2492 |   3 | 1236.7 |
       Dungeon |   3710 |   3651 |     59 |    774 |   2492 |   3 | 1236.7 |
               +--------+--------+--------+--------+--------+-----+--------+

Top non-repeatable levels by time:
     D:1: 1470 daAuts
     D:2: 1438 daAuts
     D:3: 802 daAuts
